 Dungeon Sprint DCSS version 0.17-a0-2147-gfb20a63 (webtiles) character file.

284 Kidiri the Covert (level 6, 0/32 HPs)
             Began as a Spriggan Enchanter on Oct 24, 2015.
             Was an Initiate of Dithmenos.
             Slain by a spatial vortex (17 damage)
             ... in the Dungeon (Sprint III: "The Ten Rune Challenge").
             The game lasted 00:02:52 (533 turns).

Kidiri the Covert (Spriggan Enchanter)               Turns: 533, Time: 00:02:52

Health: 0/32       AC:  5    Str:  4    XL:     6   Next: 7%
Magic:  2/16       EV: 23    Int: 16    God:    Dithmenos [......]
Gold:   27         SH:  0    Dex: 17    Spells: 5 memorised, 6 levels left

rFire  . . .     SeeInvis +     a - +1 dagger
rCold  . . .     Clarity  .     b - +1 robe
rNeg   . . .     SustAt   .     (shield restricted)
rPois  .         Gourm    .     (helmet restricted)
rElec  .         Spirit   .     k - +1 cloak
rCorr  .         Warding  .     (gloves unavailable)
rMut   .         NoTele   +     (boots unavailable)
MR     +....                    (no amulet)
Stlth  +++++.....               (no ring)
                                (no ring)

@: very quick, somewhat resistant to hostile enchantments, quite stealthy
A: unfitting armour, antennae 1, see invisible, blink, clumsy 1, herbivore 3,
speed 3, slow metabolism 2, evolution 1
a: Blink, Renounce Religion


You were in the Dungeon.
You worshipped Dithmenos.
Dithmenos was noncommittal.
You were not hungry.

You visited 1 branch You collected 27 gold pieces.

Inventory:

Hand Weapons
 a - a +1 dagger (weapon)
Armour
 b - a +1 robe (worn)
 k - a +1 cloak (worn)
Scrolls
 j - a scroll of blinking
 n - a scroll of immolation
 o - 3 scrolls of remove curse
Potions
 e - a potion of curing
 f - 2 potions of heal wounds
 g - a potion of haste
 h - 2 potions of magic
 i - a potion of berserk rage
 q - 3 potions of cure mutation
 r - a potion of flight {unknown}
Books
 c - a book of Maledictions

   Spells                             Type                      Level
   a - Corona                         Hexes                        1
   b - Ensorcelled Hibernation        Hexes/Ice                    2
   c - Confuse                        Hexes                        3
   d - Tukima's Dance                 Hexes                        3
   e - Dazzling Spray                 Conjuration/Hexes            3
Comestibles
 d - a bread ration
 l - a royal jelly
 p - 3 fruits


   Skills:
 + Level 2.6 Fighting
 * Level 5.7 Short Blades
 + Level 2.3 Armour
 * Level 7.7 Dodging
 * Level 9.2 Stealth
 * Level 6.5 Spellcasting
 + Level 2.0 Conjurations
 + Level 5.5 Hexes
 + Level 2.4 Ice Magic
 + Level 0.0 Invocations


You had 6 spell levels left.
You knew the following spells:

 Your Spells              Type           Power        Failure   Level  Hunger
a - Corona                Hex            ###....      1%          1    None
b - Ensorcelled Hibernat  Hex/Ice        ###...       4%          2    None
c - Confuse               Hex            ###.....     4%          3    ##.....
d - Tukima's Dance        Hex            ###.....     4%          3    ##.....
e - Dazzling Spray        Conj/Hex       ###.....     12%         3    ##.....


Dungeon Overview and Level Annotations

Branches:
Dungeon (1/1)

Altars:
Dithmenos
Gozag
Makhleb
Nemelex Xobeh
Qazlal
Ru
Xom
Jiyva
Lugonu


Innate Abilities, Weirdness & Mutations

You are tiny and cannot use many weapons and most armour.
You have supernaturally acute eyesight.
You are a herbivore.
You cover ground extremely quickly.
You need consume almost no food.
You have a pair of small antennae on your head.
You can translocate small distances at will.
You are clumsy. (Dex -2)
You evolve.


Message History

The spatial vortex is heavily damaged.
The spatial vortex closely misses you.
Casting: Dazzling Spray
Confirm with . or Enter, or press ? or * to list all spells.
Aiming: Dazzling Spray
Press: ? - help, Shift-Dir - straight line, f/p - spatial vortex
Aim: a spatial vortex (heavily damaged)
The spray of energy hits the spatial vortex.
The spatial vortex is severely damaged.
You hit the spatial vortex.
The spatial vortex is severely damaged.
You barely miss the spatial vortex.
The spatial vortex is severely damaged.
You hit the spatial vortex.
The spatial vortex is severely damaged.
You hit the spatial vortex but do no damage.
The spatial vortex is severely damaged.
The spatial vortex hits you! Space warps horribly around you!
Ouch! That really hurt!
You die...

...#####..#
..÷.#..#..#
#...#..#..###+#+###+##
##..##+#..#..........#
##..###...'.⌠........#
#..####...#...######'#
#..###....#.⌠.#__#...#
...##.....#...#__#...#
...#....).#+###_@#...#
.##.#.....# #v_#...+
.#####....# #_.'...#
▓▓ ▓▓▓▓▓▓ ▓▓▓▓▓▓▓▓


You could see a spatial vortex.

Vanquished Creatures
  A shadow (D)
  A water elemental (D)
  Crazy Yiuf (D)
  A jelly (D)
  A human (D)
  2 oozes (D)
  2 rats (D)
9 creatures vanquished.

Vanquished Creatures (others)
  2 draconian scorchers (D)
  A yaktaur (D)
3 creatures vanquished.

Grand Total: 12 creatures vanquished

Notes
Turn   | Place    | Note
--------------------------------------------------------------
     0 | D        | Kidiri the Spriggan Enchanter began the quest for the Orb.
     0 | D        | Reached XP level 1. HP: 9/9 MP: 5/5
    17 | D        | Reached skill level 5 in Stealth
    19 | D        | Reached XP level 2. HP: 14/14 MP: 7/7
    24 | D        | Learned a level 2 spell: Ensorcelled Hibernation
    62 | D        | Noticed Crazy Yiuf
    96 | D        | Reached skill level 1 in Fighting
    96 | D        | Reached XP level 3. HP: 6/18 MP: 3/9
   151 | D        | Killed a yaktaur
   175 | D        | Learned a level 3 spell: Confuse
   179 | D        | Learned a level 3 spell: Dazzling Spray
   282 | D        | Killed a white draconian scorcher
   306 | D        | Killed Crazy Yiuf
   306 | D        | Reached skill level 1 in Armour
   306 | D        | Reached skill level 5 in Dodging
   306 | D        | Reached skill level 6 in Stealth
   306 | D        | Reached skill level 1 in Ice Magic
   311 | D        | Killed a white draconian scorcher
   333 | D        | Gained mutation: You have a pair of small antennae on your head. [potion of mutation]
   333 | D        | Gained mutation: You can translocate small distances at will. [potion of mutation]
   334 | D        | Gained mutation: You are clumsy. (Dex -2) [potion of mutation]
   334 | D        | Gained mutation: You evolve. [potion of mutation]
   462 | D        | Noticed a water elemental
   465 | D        | Killed a water elemental
   465 | D        | Reached skill level 7 in Stealth
   465 | D        | Reached skill level 5 in Spellcasting
   465 | D        | Reached skill level 1 in Conjurations
   465 | D        | Reached XP level 4. HP: 23/23 MP: 10/12
   470 | D        | Learned a level 3 spell: Tukima's Dance
   486 | D        | Noticed a jelly
   487 | D        | Noticed a shadow
   489 | D        | Killed a shadow
   489 | D        | Reached skill level 5 in Short Blades
   489 | D        | Reached skill level 9 in Stealth
   489 | D        | Reached skill level 5 in Hexes
   489 | D        | Reached XP level 5. HP: 27/27 MP: 12/14
   493 | D        | Killed a jelly
   493 | D        | Reached XP level 6. HP: 32/32 MP: 12/16
   518 | D        | Found a stormy altar of Qazlal.
   519 | D        | Found a sacrificial altar of Ru.
   519 | D        | Found a burning altar of Makhleb.
   519 | D        | Found a viscous altar of Jiyva.
   519 | D        | Found a shimmering altar of Xom.
   519 | D        | Found a shadowy altar of Dithmenos.
   519 | D        | Found a sparkling altar of Nemelex Xobeh.
   519 | D        | Found a corrupted altar of Lugonu.
   519 | D        | Found an opulent altar of Gozag.
   519 | D        | Noticed a spatial vortex
   523 | D        | Became a worshipper of Dithmenos the Shadowed
   533 | D        | Slain by a spatial vortex

Vault maps used:
D:        dungeon_sprint_mu

Action                   |  1- 3 |  4- 6 || total
-------------------------+-------+-------++-------
Melee: Dagger            |    41 |     6 ||    47
 Cast: Corona            |     4 |       ||     4
       Ensorcelled Hiber |     3 |       ||     3
       Dazzling Spray    |       |     5 ||     5
  Use: Scroll            |     3 |       ||     3
       Potion            |     2 |       ||     2
 Stab: Sleeping          |     4 |     2 ||     6
